 Dungeon Crawl Stone Soup version 0.24-a0-486-ged8816983f (webtiles) character file.

Game seed: 6522251864895936224

121 pk666 the Magician (level 4, 0/24 HPs)
             Began as a Deep Elf Wizard on July 9, 2019.
             Slain by an adder (5 damage)
             ... on level 4 of the Dungeon.
             The game lasted 00:04:47 (3824 turns).

pk666 the Magician (Deep Elf Wizard)                Turns: 3824, Time: 00:04:48

Health: 0/24       AC:  2    Str:  4    XL:     4   Next: 76%
Magic:  1/13       EV: 13    Int: 24    God:
Gold:   153        SH:  0    Dex: 13    Spells: 4/13 levels left

rFire    . . .     SeeInvis .   h - +0 dagger
rCold    . . .     Gourm    .   (no shield)
rNeg     . . .     Faith    .   a - +0 robe
rPois    .         Spirit   .   b - +0 hat
rElec    .         Reflect  .   (no cloak)
rCorr    .         Harm     .   (no gloves)
MR       .....                  (no boots)
Stlth    ++........             (no amulet)
HPRegen  0.08/turn              (no ring)
MPRegen  0.13/turn              (no ring)

@: lethally poisoned (0 -> -5), very slightly contaminated
A: no striking features
a: no special abilities


You were on level 4 of the Dungeon.
You were near starving.

You visited 1 branch of the dungeon, and saw 4 of its levels.

You collected 153 gold pieces.

Inventory:

Hand Weapons
 h - a +0 dagger (weapon)
Armour
 a - a +0 robe (worn)
 b - a +0 hat (worn)
Scrolls
 g - 4 scrolls of identify {unknown}
 k - 3 scrolls of remove curse {unknown}
 m - 4 scrolls of magic mapping {unknown}
 o - a scroll of teleportation {unknown}
 p - a scroll of random uselessness {unknown}
Potions
 c - 2 potions of ambrosia {unknown}
 e - 2 potions of lignification {unknown}
 f - 2 potions of brilliance {unknown}
 i - a potion of agility {unknown}
 j - a potion of flight {unknown}
 l - a potion of haste {unknown}
 n - 2 potions of curing {unknown}
Comestibles
 d - 8 rations


   Skills:
 - Level 3.1 Dodging
 - Level 2.4 Stealth
 + Level 5.2 Spellcasting
 + Level 2.5 Conjurations
   Level 1.1 Summonings
 + Level 1.8 Translocations
 + Level 1.2 Fire Magic
 + Level 1.1 Air Magic
 + Level 1.3 Poison Magic


You had 4 spell levels left.
You knew the following spells:

 Your Spells              Type           Power        Failure   Level  Hunger
a - Magic Dart            Conj           ###.         3%          1    None
b - Blink                 Tloc           N/A          6%          2    None
c - Conjure Flame         Conj/Fire      ###.....     12%         3    ##.....
d - Mephitic Cloud        Conj/Pois/Air  ##......     13%         3    ##.....

Your spell library contained the following spells:

 Spells                   Type           Power        Failure   Level  Hunger
 Call Imp                 Summ           ##......     9%          2    None
 Slow                     Hex            #.......     13%         2    None


Dungeon Overview and Level Annotations

Branches:
Dungeon (4/15)
 Temple: D:4-7

Altars:
Gozag
Uskayaw


Message History

Confirm with . or Enter, or press ? or * to list all spells.
Aiming: Magic Dart (safe; 3% risk of failure)
Press: ? - help, Shift-Dir - straight line, f - adder
Aim: an adder The magic dart hits the adder.
The adder is heavily wounded.
You feel sick. The adder bites you but does no damage.
The crimson imp barely misses you.
Casting: Magic Dart (safe; 3% risk of failure)
Confirm with . or Enter, or press ? or * to list all spells.
Aiming: Magic Dart (safe; 3% risk of failure)
Press: ? - help, Shift-Dir - straight line, f/p - adder
Aim: an adder (heavily wounded)
The magic dart hits the adder.
The adder is severely wounded.
The adder bites you.
* * * LOW HITPOINT WARNING * * *
The crimson imp hits you but does no damage.
The adder bites you.
You die...

#......# #....O<#
#######....†.# .
#............# ..
#............# ..#
#............# ..#..
#............#
......###............#
......S@...............
..##.#.#5......#########
................#
###...........#..
........(.........
###...........##..
#...........#
#........!...#
#............#


You could see a crimson imp and an adder.

Vanquished Creatures
  2 adders (D:2)
  2 oozes (D:2)
  2 worms
  6 leopard geckos
  7 orcs (D:3)
  A ball python (D:2)
  4 giant cockroaches
  8 goblins
  8 hobgoblins
  3 quokkas
  3 bats
  6 frilled lizards
  A jackal skeleton (D:4)
  11 kobolds
  9 rats
73 creatures vanquished.

Notes
Turn   | Place    | Note
-------+----------+-------------------------------------------
     0 | D:1      | pk666 the Deep Elf Wizard began the quest for the Orb.
     0 | D:1      | Reached XP level 1. HP: 10/10 MP: 7/7
   358 | D:1      | Reached XP level 2. HP: 15/15 MP: 3/9
   419 | D:1      | You fall into a shaft and drop 1 floor!
  1162 | D:2      | Reached XP level 3. HP: 19/19 MP: 7/11
  1166 | D:2      | Learned a level 2 spell: Blink
  1170 | D:2      | Learned a level 3 spell: Conjure Flame
  1174 | D:2      | Learned a level 3 spell: Mephitic Cloud
  1212 | D:2      | Reached skill level 5 in Spellcasting
  2129 | D:2      | Reached XP level 4. HP: 24/24 MP: 9/13
  2280 | D:3      | Found an opulent altar of Gozag.
  2291 | D:3      | Reached skill level 1 in Poison Magic
  2450 | D:3      | Reached skill level 1 in Fire Magic
  2563 | D:3      | Found a hide-covered altar of Uskayaw.
  2647 | D:3      | Reached skill level 1 in Air Magic
  3615 | D:4      | Noticed an ogre
  3824 | D:4      | Slain by an adder

Levels and vault maps discovered:
D:1:      sevenhm_arrival_forest_fort_small_5, layout_basic
D:2:      layout_basic, supply_closet_lemuel
D:3:      layout_loops_cross, lemuel_coloured_pillars_altar, lemuel_doored_altar
D:4:      layout_rooms, lightli_temple_of_fire, nicolae_ru_awakened_eye,
          gammafunk_temple_overflow_pools, first_ration,
          minmay_misc_feat_hallway, minmay_quantized

Skill      XL: |  1  2  3  4 |
---------------+-------------+-----
Dodging        | 3 |  3.1
Conjurations   | 2 |  2.5
Spellcasting   | 5 |  5.2
Poison Magic   | 1 |  1.3
Fire Magic     | 1 |  1.2
Air Magic      | 1 |  1.1
Stealth        | |  2.4
Summonings     | |  1.1
Translocations | |  1.8

Action                   |  1- 3 |  4- 6 || total
-------------------------+-------+-------++-------
Melee: Dagger            |       |     2 ||     2
 Cast: Magic Dart        |   110 |   114 ||   224
       Mephitic Cloud    |       |     1 ||     1
  Eat: Chunk             |     3 |     4 ||     7
Armor: Robe              |     7 |     5 ||    12
Dodge: Dodged            |    12 |    25 ||    37

Table legend:
 A = Non-vault XP
 B = Vault XP
 C = Vault XP percentage of total XP
 D = Non-vault monster count
 E = Vault monster count
 F = Vault count percentage of total count
                 A         B        C        D         E       F
            +---------+---------+-------+---------+---------+-------
      Total |     173 |       0 |   0.0 |      73 |       0 |   0.0
            +---------+---------+-------+---------+---------+-------
        D:1 |      36 |       0 |   0.0 |      19 |       0 |   0.0
        D:2 |      72 |       0 |   0.0 |      23 |       0 |   0.0
        D:3 |      62 |       0 |   0.0 |      29 |       0 |   0.0
        D:4 |       3 |       0 |   0.0 |       2 |       0 |   0.0
            +---------+---------+-------+---------+---------+-------
